 Dungeon Crawl Stone Soup version 0.20.1-1-g8b1a95d (webtiles) character file.

9857 vatarom the Agent of Entropy (level 11, 0/86 HPs)
             Began as a Demonspawn Abyssal Knight on Sept 25, 2017.
             Was a Priest of Lugonu.
             Succumbed to Erica's bolt of poison
             ... on level 10 of the Dungeon.
             The game lasted 00:25:13 (11050 turns).

vatarom the Agent of Entropy (DsAK)                Turns: 11050, Time: 00:25:14

Health: 0/86       AC: 16    Str: 14    XL:     11   Next: 28%
Magic:  10/20      EV:  9    Int: 14    God:    Lugonu [***...]
Gold:   554        SH:  0    Dex: 16    Spells: 10/10 levels left

rFire    + . .     SeeInvis .   m - +2 hand axe (distort)
rCold    + + .     Gourm    +   (no shield)
rNeg     . . .     Faith    .   A - +0 chain mail
rPois    +         Spirit   +   (helmet restricted)
rElec    +         Reflect  .   (no cloak)
rCorr    +         Harm     .   q - +2 pair of gloves
MR       .....                  (no boots)
Stlth    ..........             s - amulet of the gourmand
Regen    0.3/turn               i - ring of poison resistance
MPRegen  0.4/turn               p - ring of stealth

@: lethally poisoned (0 -> -20), resistant
A: horns 1, thin metallic scales 2, agile 1, cold resistance 1, mutation
resistance 1, magic shield, magic regeneration, freezing cloud immunity
a: Depart the Abyss, Bend Space, Banish, Renounce Religion


You were on level 10 of the Dungeon.
You worshipped Lugonu.
Lugonu was most pleased with you.
You were completely stuffed.

You visited 2 branches of the dungeon, and saw 12 of its levels.
You visited the Abyss 1 time.

You collected 554 gold pieces.

Inventory:

Hand Weapons
 m - a +2 hand axe of distortion (weapon)
 o - a +1 hand axe of chopping
Armour
 q - a +2 pair of gloves (worn)
 A - a +0 chain mail (worn)
Jewellery
 i - a ring of poison resistance (left hand)
 p - a ring of stealth (right hand)
 s - an amulet of the gourmand (around neck)
Wands
 n - a wand of scattershot (8/9)
 C - a wand of confusion (12/48)
 E - a wand of scattershot (6/9)
Scrolls
 a - 7 scrolls of teleportation
 e - a scroll of enchant armour
 j - a scroll of blinking
 t - a scroll of recharging
 w - 3 scrolls of remove curse
 x - a scroll of enchant weapon
 y - 6 scrolls of identify
 z - a scroll of amnesia
Potions
 g - 2 potions of flight
 h - a potion of resistance
 k - 4 potions of brilliance
 v - a potion of agility
Books
 l - a Young Poisoner's Handbook

   Spells                             Type                      Level
   a - Sting                          Conjuration/Poison           1
   b - Poisonous Vapours              Poison/Air                   2
   c - Mephitic Cloud                 Conjuration/Poison/Air       3
   d - Olgreb's Toxic Radiance        Poison                       4
   e - Venom Bolt                     Conjuration/Poison           5
 u - a book of Necromancy

   Spells                             Type                      Level
   a - Pain                           Necromancy                   1
   b - Animate Skeleton               Necromancy                   1
   c - Vampiric Draining              Necromancy                   3
   d - Regeneration                   Charms/Necromancy            3
   e - Animate Dead                   Necromancy                   4
   f - Control Undead                 Necromancy                   4
 D - a book of Maledictions

   Spells                             Type                      Level
   a - Corona                         Hexes                        1
   b - Ensorcelled Hibernation        Hexes/Ice                    2
   c - Confuse                        Hexes                        3
   d - Tukima's Dance                 Hexes                        3
   e - Dazzling Spray                 Conjuration/Hexes            3
Comestibles
 c - 6 bread rations
 d - 7 fruits
 f - a royal jelly
 r - 4 meat rations


   Skills:
 + Level 7.9 Fighting
 * Level 9.7 Axes
 * Level 5.0 Armour
 - Level 5.9 Dodging
 + Level 12.1 Invocations


You had 10 spell levels left.
You didn't know any spells.

Dungeon Overview and Level Annotations

Branches:
Dungeon (11/15)            Temple (1/1) D:5            Lair (0/6) D:10
    Orc (0/2) D:10

Altars:
Ashenzari
Cheibriados
Dithmenos
Elyvilon
Fedhas
Gozag
Hepliaklqana
Kikubaaqudgha
Makhleb
Nemelex Xobeh
Okawaru
Qazlal
Ru
Sif Muna
Trog
Uskayaw
Vehumet
Xom
Yredelemnul
Zin
The Shining One

Shops:
D:7 =   D:9 }

Annotations:
Abyss:1 Grinder, Joseph, Pikel, Psyche


Innate Abilities, Weirdness & Mutations

You have a pair of small horns on your head.
You are mostly covered in thin metallic scales. (AC +3)
Your flesh is cold resistant. (rC+)
When hurt, damage is shared between your health and your magic reserves.
You regenerate magic rapidly.
You are immune to freezing clouds.
You are agile. (Dex +2)
You are somewhat resistant to further mutation.


Message History

* * * LOW HITPOINT WARNING * * *
You feel sick.
Erica appears from thin air!
Reactivating autopickup.
Erica hits you but does no damage.
You slash Erica!
You kill Erica!
Lugonu accepts your kill.
Your Armour skill increases to level 5!
* * * LOW HITPOINT WARNING * * *
You feel sick.
Unknown command.
* * * LOW HITPOINT WARNING * * *
You feel sick.
Things that are here:
a scimitar of flaming; a robe; a wand of lightning (?/15) {zapped: 1} You feel protected.
* * * LOW HITPOINT WARNING * * *
You feel very sick.
You feel protected.
You die...

..P.P.P#####.#######
...P.### #.# #...##
#.### ###.### #...#
......# #####'#####
......# #.........#
......####.........#
........##.........#
......#..').....@>.#
......####.........#
......# #.........#
......# #.........#
####### #.........#
###########


There were no monsters in sight!

Vanquished Creatures
  Erica (D:10)
  Sigmund (D:6)
  A hungry ghost (D:7)
  12 yaks
  2 porcupines (D:10)
  2 sky beasts
  3 ice beasts
  3 black bears
  A phantom (D:4)
  2 necrophages
  4 ogres
  4 orc warriors (D:10)
  3 centaurs
  2 big kobolds (D:10)
  4 bullfrogs
  2 scorpions
  6 killer bees (D:9)
  3 wights (D:9)
  2 howler monkeys (D:10)
  An electric eel (D:10)
  6 crimson imps
  3 hounds
  8 orc priests
  2 jellies
  13 orc wizards
  Ijyb (D:3)
  A bullfrog skeleton (D:10)
  Jessica (D:3)
  2 iguanas
  Natasha (thrice) (D:4)
  11 worker ants
  A hound skeleton (D:5)
  3 mummies (D:9)
  2 worker ant zombies
  2 howler monkey skeletons
  9 adders
  3 oozes (D:1)
  An adder skeleton (D:7)
  A worm (D:2)
  3 dart slugs
  3 leopard geckos
  38 orcs
  A ball python (D:1)
  5 giant cockroaches
  6 goblins
  12 hobgoblins
  3 jackals (D:4)
  12 kobolds
  5 quokkas
  8 bats
  4 frilled lizards
  A leopard gecko skeleton (D:4)
  6 rats
  A plant (D:10)
240 creatures vanquished.

Vanquished Creatures (others)
  A two-headed ogre (D:10)
  The ghost of Enyss the Geomancer, a novice GrEE of Vehumet (D:10)
  A troll (D:9)
  A hippogriff (D:10)
  A wyvern (D:10)
  A yak (D:11)
  A human (D:4)
  A porcupine (D:9)
  3 orc warriors
  A slave (D:5)
  The ghost of Somber the Skirmisher, an amateur HuFi (D:3)
  An ogre (D:5)
  A centaur (D:8)
  A wyvern zombie (D:10)
  2 bullfrogs (D:8)
  A scorpion (D:4)
  A quasit (D:8)
  A hound (D:9)
  An orc priest (D:4)
  An orc wizard (D:8)
  A worker ant (D:10)
  3 worker ant zombies
  An orc (D:4)
  A quokka (D:5)
  2 kobolds (D:11)
  4 fungi (D:10)
35 creatures vanquished.

Grand Total: 275 creatures vanquished

Notes
Turn   | Place    | Note
-------+----------+-------------------------------------------
     0 | Abyss:1  | vatarom the Demonspawn Abyssal Knight began the quest for the Orb.
     0 | Abyss:1  | Reached XP level 1. HP: 18/18 MP: 2/2
    14 | D:1      | Escaped the Abyss
    29 | D:1      | Reached skill level 1 in Dodging
    54 | D:1      | Gained mutation: When hurt, damage is shared between your health and your magic reserves. [demonic ancestry]
    54 | D:1      | Reached XP level 2. HP: 17/24 MP: 3/3
   211 | D:1      | Reached skill level 3 in Invocations
   212 | D:1      | Gained mutation: Your flesh is cold resistant. (rC+) [demonic ancestry]
   212 | D:1      | Reached XP level 3. HP: 16/29 MP: 3/5
   236 | D:1      | Reached ** piety under Lugonu
   969 | D:2      | Gained mutation: You are immune to freezing clouds. [demonic ancestry]
   969 | D:2      | Reached XP level 4. HP: 27/35 MP: 6/6
  1408 | D:2      | Reached *** piety under Lugonu
  1599 | D:3      | Noticed Jessica
  1608 | D:3      | Killed Jessica
  1608 | D:3      | Reached skill level 4 in Invocations
  1671 | D:3      | Noticed Grinder
  1673 | D:3      | Banished Grinder
  1673 | D:3      | Gained mutation: You are partially covered in thin metallic scales. (AC +2) [demonic ancestry]
  1673 | D:3      | Reached XP level 5. HP: 32/42 MP: 5/8
  1712 | D:3      | Noticed Somber's ghost (amateur HuFi)
  1831 | D:3      | Noticed Ijyb
  1915 | D:3      | Killed Ijyb
  1962 | D:3      | Gained mutation: You are mostly covered in thin metallic scales. (AC +3) [demonic ancestry]
  1962 | D:3      | Reached XP level 6. HP: 30/48 MP: 5/9
  2277 | D:3      | Banished Somber's ghost
  2277 | D:3      | Reached skill level 5 in Invocations
  2709 | D:4      | Found a runed door.
  2709 | D:4      | Noticed a human
  2714 | D:4      | Found a basalt altar of Yredelemnul.
  2767 | D:4      | Banished a human
  2899 | D:4      | Reached XP level 7. HP: 38/54 MP: 11/11
  3171 | D:4      | Reached skill level 6 in Invocations
  3325 | D:4      | Noticed Natasha
  3339 | D:4      | Killed Natasha
  3384 | D:4      | Noticed Natasha
  3389 | D:4      | Killed Natasha
  3662 | D:4      | Noticed Natasha
  3671 | D:4      | Killed Natasha
  3903 | D:5      | Entered Level 5 of the Dungeon
  3920 | D:5      | Reached skill level 5 in Axes
  4095 | D:5      | Reached skill level 7 in Invocations
  4095 | D:5      | Reached XP level 8. HP: 28/61 MP: 11/13
  4106 | D:5      | Found a staircase to the Ecumenical Temple.
  4159 | D:5      | Reached skill level 5 in Fighting
  4514 | D:5      | Reached skill level 8 in Invocations
  4553 | D:5      | Noticed Pikel
  4562 | D:5      | Banished Pikel
  4837 | Temple   | Entered the Ecumenical Temple
  5038 | D:5      | Found a shimmering altar of Xom.
  5341 | D:6      | Gained mutation: You have a pair of small horns on your head. [demonic ancestry]
  5341 | D:6      | Reached XP level 9. HP: 46/69 MP: 9/15
  5478 | D:6      | Reached skill level 9 in Invocations
  5524 | D:6      | Found a shadowy altar of Dithmenos.
  5694 | D:6      | Noticed Sigmund
  5703 | D:6      | Killed Sigmund
  5735 | D:7      | Found Qugorph's Jewellery Boutique.
  6032 | D:7      | Gained mutation: You are somewhat resistant to further mutation. [potion of mutation]
  6032 | D:7      | Gained mutation: You are agile. (Dex +2) [potion of mutation]
  6250 | D:7      | Reached skill level 5 in Dodging
  6510 | D:8      | Found a bloodstained altar of Trog.
  6511 | D:8      | Found an iron altar of Okawaru.
  6667 | D:8      | Reached skill level 10 in Invocations
  6866 | D:8      | Found a snail-covered altar of Cheibriados.
  6866 | D:8      | Found a shadowy altar of Dithmenos.
  6867 | D:8      | Found an opulent altar of Gozag.
  7787 | D:9      | Reached XP level 10. HP: 77/77 MP: 18/18
  7794 | D:9      | Noticed Joseph
  7801 | D:9      | Banished Joseph
  7809 | D:9      | Found a hide-covered altar of Uskayaw.
  7954 | D:9      | Found a blossoming altar of Fedhas.
  7967 | D:9      | Found a stormy altar of Qazlal.
  8118 | D:9      | Found Ryzyphuy's Gadget Shoppe.
  8302 | D:10     | Entered Level 10 of the Dungeon
  8319 | D:10     | Reached skill level 11 in Invocations
  8357 | D:9      | HP: 1/77 [porcupine's spines (11)]
  8679 | D:10     | Noticed Psyche
  8680 | D:10     | Banished Psyche
  9212 | D:10     | Noticed Enyss's ghost (novice GrEE)
  9215 | D:10     | Banished Enyss's ghost
  9259 | D:10     | Noticed a two-headed ogre
  9261 | D:10     | Banished a two-headed ogre
 10033 | D:10     | Gained mutation: You regenerate magic rapidly. [demonic ancestry]
 10033 | D:10     | Reached XP level 11. HP: 39/84 MP: 10/19
 10423 | D:10     | Found a staircase to the Lair.
 10493 | D:10     | Reached skill level 12 in Invocations
 10540 | D:10     | Found a staircase to the Orcish Mines.
 10778 | D:11     | Noticed a white ugly thing
 10779 | D:11     | Noticed Erica
 11047 | D:10     | Killed Erica
 11047 | D:10     | Reached skill level 5 in Armour
 11049 | D:10     | HP: 2/86 [poisoned by Erica (bolt of poison)]
 11050 | D:10     | Succumbed to Erica's bolt of poison

Skill      XL: |  1  2  3  4  5  6  7  8  9 10 11 |
---------------+----------------------------------+-----
Dodging        | 1 2 3 4 5 |  5.9
Axes           | 2 3 4 5 6 8 9 |  9.7
Invocations    | 3 4 5 7 8 10 11 12 | 12.1
Fighting       | 4 5 6 7 |  7.9
Armour         | 4 5 |  5.0

Action                   |  1- 3 |  4- 6 |  7- 9 | 10-12 || total
-------------------------+-------+-------+-------+-------++-------
Melee: Hand axe          |    93 |   220 |   537 |   363 ||  1213
       Headbutt          |       |       |    54 |    86 ||   140
Invok: Banish            |       |     3 |     7 |    14 ||    24
       Bend Space        |       |       |     1 |       ||     1
  Use: Scroll            |     4 |     9 |     9 |     4 ||    26
       Potion            |     1 |       |    12 |     5 ||    18
 Stab: Sleeping          |     1 |       |     1 |       ||     2
       Distracted        |       |       |       |     1 ||     1
  Eat: Chunk             |       |     3 |    26 |    15 ||    44
       Bread ration      |       |     1 |     2 |       ||     3
Armor: Leather armour    |    22 |    49 |   227 |    54 ||   352
       Skin              |       |       |     8 |       ||     8
       Chain mail        |       |       |       |    32 ||    32
Dodge: Dodged            |    74 |   132 |   412 |   208 ||   826
